 Dungeon Crawl Stone Soup version 0.28.0-53-g5a82cb258f (webtiles) character file.

Game seed: 17312834997702875826

22817 Plasmagod the Fighter (level 13, -1/79 HPs)
             Began as a Vine Stalker Fighter on Aug 2, 2022.
             Was a Priest of Makhleb.
             Hit by a large rock thrown by a cyclops (28 damage)
             ... on level 12 of the Dungeon.
             The game lasted 00:39:47 (11850 turns).

Plasmagod the Fighter (Vine Stalker Fighter)       Turns: 11850, Time: 00:39:48

Health: -1/79      AC: 18    Str: 22    XL:     13   Next: 2%
Magic:  0/14       EV:  4    Int:  7    God:    Makhleb [***...]
Gold:   818        SH:  9    Dex: 16    Spells: 12/12 levels left

rFire   + . .      SeeInvis .   t - +8 spear (vamp)
rCold   x . .      Faith    .   S - +0 kite shield
rNeg    + + .      Spirit   +   D - +0 plate armour
rPois   +          Reflect  .   f - +2 helmet
rElec   .          Harm     .   I - +2 ratskin cloak {*Rats rPois rN+ Str-1 Int-1 Dex+1}
rCorr   +          Rampage  .   (no gloves)
Will    +....                   y - +0 pair of boots
Stlth   ..........              c - amulet of regeneration
HPRegen 1.83/turn               v - ring of the Slimy Guava {rN+ rCorr}
MPRegen 0.14/turn               M - ring of fire

@: studying Ice Magic
A: fangs 3, regeneration 1, magic shield, antimagic bite, no potion heal 2
a: Renounce Religion, Minor Destruction, Lesser Servant of Makhleb


You were on level 12 of the Dungeon.
You worshipped Makhleb.
Makhleb was most pleased with you.
You visited 1 branch of the dungeon, and saw 12 of its levels.
You also visited: Sewer, Ossuary and Gauntlet.

You collected 818 gold pieces.

Inventory:

Hand Weapons
 a - a +0 war axe
 t - a +8 vampiric spear (weapon)
 C - the +5 broad axe of Kent {freeze, rPois rC++ Str+4 Dex-5}
   (You found it on level 12 of the Dungeon)

   It freezes those it strikes, dealing additional cold damage.
   It can also slow down cold-blooded creatures.
   Str:       It affects your strength (+4).
   Dex:       It affects your dexterity (-5).
   rC:        It greatly protects you from cold.
   rPois:     It protects you from poison.
Missiles
 w - 2 throwing nets (quivered)
Armour
 f - a +2 helmet (worn)
 j - a +0 cloak
 u - the +1 helmet of the Thunderstorm {Harm rC+}
   (You took it off Robin on level 4 of the Dungeon)

   rC:        It protects you from cold.
   Harm:      It increases damage dealt and taken.
 y - a +0 pair of boots (worn)
 D - a +0 plate armour (worn)
 I - the +2 ratskin cloak (worn) {*Rats rPois rN+ Str-1 Int-1 Dex+1}
   (You found it on level 8 of the Dungeon)

   When the wearer is hurt, rats may emerge from it to assist them.
   Str:       It affects your strength (-1).
   Int:       It affects your intelligence (-1).
   Dex:       It affects your dexterity (+1).
   rPois:     It protects you from poison.
   rN:        It protects you from negative energy.
 S - a +0 kite shield (worn)
Jewellery
 c - an amulet of regeneration (around neck)
 i - a ring of positive energy
 p - a ring of wizardry
 v - the ring of the Slimy Guava (left hand) {rN+ rCorr}
   (You found it in a Gauntlet)

   [ring of resist corrosion]

   rN:        It protects you from negative energy.
   rCorr:     It protects you from acid and corrosion.
 K - a +6 ring of intelligence
 M - a ring of fire (right hand)
 O - a +6 ring of dexterity
Wands
 b - a wand of paralysis (13)
 m - a wand of polymorph (9)
 G - a wand of digging (1)
 H - a wand of flame (12)
Scrolls
 e - 6 scrolls of identify
 k - 2 scrolls of summoning
 l - 2 scrolls of teleportation
 o - a scroll of amnesia
 q - a scroll of immolation
 z - a scroll of noise
 E - a scroll of enchant armour
 F - 3 scrolls of fog
 J - 3 scrolls of vulnerability
 N - a scroll of magic mapping
 Q - a scroll of fear
Potions
 d - 3 potions of might
 g - 5 potions of attraction
 h - 5 potions of curing
 n - a potion of lignification
 r - 5 potions of brilliance
 s - 3 potions of heal wounds
 x - a potion of cancellation
 A - a potion of haste
 B - a potion of experience
 L - 3 potions of mutation
 P - a potion of flight


   Skills:
 + Level 14.7 Fighting
 - Level 7.8(10.4) Axes
 - Level 10.9(12.0) Polearms
 - Level 2.6 Armour
 - Level 2.9 Shields


You had 12 spell levels left.
You didn't know any spells.
Your spell library contained the following spells:

 Spells                   Type           Power      Damage    Failure   Level
 Pain                     Necr           0%         1d4       100%        1
 Corpse Rot               Necr/Air       0%         N/A       100%        2
 Poisonous Vapours        Pois/Air       0%         N/A       100%        2
 Cause Fear               Hex            0%         N/A       100%        4
 Agony                    Necr           0%         N/A       100%        5
 Excruciating Wounds      Necr           0%         N/A       100%        5
 Freezing Cloud           Conj/Ice/Air   0%         6-21      100%        5
 Simulacrum               Ice/Necr       0%         N/A       100%        6
 Dragon Form              Tmut           0%         N/A       100%        7
 Dragon's Call            Summ           0%         N/A       100%        9
 Polar Vortex             Ice            0%         N/A       100%        9


Dungeon Overview and Level Annotations

Branches:
Dungeon (12/15)            Temple (0/1) D:6            Lair (0/6) D:11
  Sewer (visited)         Ossuary (visited)         Gauntlet (visited)
    Orc: D:9-12

Altars:
Cheibriados
Fedhas
Kikubaaqudgha
Makhleb
Vehumet
Zin

Shops:
D:7 :

Annotations:
D:5 1 runed translucent door, kalagan's ghost, novice DECj


Innate Abilities, Weirdness & Mutations

You have razor-sharp teeth.
Your natural rate of healing is unusually fast.
When hurt, damage is shared between your health and your magic reserves.
Your bite disrupts and absorbs the magic of your enemies.
Potions cannot restore your health.


Message History

You see here a ring of positive energy.
Found 17 bolts.
Found 9 bolts.
You now have 807 gold pieces (gained 14).
You see here 9 bolts.
A two-headed ogre comes into view. It is wielding two +0 giant clubs.
Found 11 gold pieces.
The two-headed ogre shouts in stereo!
You reach to attack!
You puncture the two-headed ogre!
The two-headed ogre is lightly wounded.
You reach to attack!
You puncture the two-headed ogre!
The two-headed ogre is moderately wounded.
You puncture the two-headed ogre! You bite the two-headed ogre.
You drain its power.
The two-headed ogre is severely wounded.
You puncture the two-headed ogre!
The two-headed ogre is severely wounded.
You block the two-headed ogre's attack.
The two-headed ogre hits you but does no damage.
You completely miss the two-headed ogre.
The two-headed ogre is severely wounded.
The two-headed ogre completely misses you.
The two-headed ogre hits you with a +0 giant club.
You hit the two-headed ogre.
You feel better.
You bite the two-headed ogre. You drain its power.
The two-headed ogre is almost dead.
You puncture the two-headed ogre!
You kill the two-headed ogre!
Makhleb accepts your kill.
You have reached level 13!
Things that are here:
a +0 giant club; a +0 giant club You now have 818 gold pieces (gained 11).
A cyclops comes into view.
The cyclops throws a large rock.
The large rock hits you!!
A river rat scurries out from under your cloak.
The cyclops throws a large rock.
The large rock hits you!!
You are too injured to fight recklessly!
The cyclops throws a large rock.
The large rock hits you!!
You die...

######################
.....C.@..r........).#
####################.#
#.# #(# #.# #.## #..#
##.# #######.##


You could see a cyclops and a friendly river rat.

Vanquished Creatures
  An ice dragon (D:12)
  A boulder beetle (D:11)
  A centaur warrior (D:10)
  A hydra (D:9)
  4 two-headed ogres
  Sonja (D:11)
  The ghost of mys the Cudgeller, a novice DsCK of Xom (D:8)
  A skeletal warrior (D:10)
  Pikel (D:7)
  A torpor snail (Gauntlet)
  Maggie (D:7)
  An efreet (Gauntlet)
  3 hornets
  A troll (D:11)
  Grinder (D:4)
  2 dream sheep (D:9)
  A meliai zombie (D:11)
  3 water elementals (D:12)
  2 vampires
  Eustachio (D:5)
  A wyvern (D:11)
  7 yaks
  A wraith (D:11)
  2 fire elementals (Gauntlet)
  A neqoxec (Gauntlet)
  A steam dragon (D:7)
  2 chaos spawn (Gauntlet)
  Edmund (D:6)
  7 vampire mosquitoes
  An acid dragon (D:10)
  3 water moccasins
  3 hell hounds (Gauntlet)
  Duvessa (D:7)
  5 orc warriors
  3 black bears
  An ice beast (D:8)
  3 hornet zombies (Ossuary)
  2 wolves (D:11)
  3 necrophages
  A lemure (D:7)
  9 centaurs
  2 phantoms
  7 kobold brigands
  5 bullfrogs
  2 elf skeletons (D:8)
  2 gnoll sergeants
  3 wyvern zombies
  4 scorpions
  Dowan (D:7)
  13 killer bees
  4 wights (D:7)
  6 electric eels
  5 bullfrog zombies
  7 centaur zombies
  A bullfrog skeleton (D:6)
  A human zombie (D:8)
  7 orc priests
  A wyvern simulacrum (D:8)
  6 jellies
  2 gnoll shamans (D:5)
  7 hounds
  3 centaur skeletons
  16 mummies (Ossuary)
  An iguana (D:4)
  7 orc wizards
  A human skeleton (D:8)
  4 killer bee zombies
  4 centaur simulacra
  2 hound zombies (D:5)
  3 howler monkey zombies
  Robin (D:4)
  16 gnolls
  16 adders
  2 river rats (D:6)
  3 white imps (D:8)
  4 worms
  3 dart slugs
  24 orcs
  7 endoplasms
  3 giant cockroaches
  16 goblins
  14 hobgoblins
  7 jackals
  4 quokkas
  7 ball pythons
  7 bats
  13 frilled lizards
  30 kobolds
  An orc skeleton (D:8)
  An orc zombie (D:8)
  16 rats
409 creatures vanquished.

Vanquished Creatures (collateral kills)
  A kobold demonologist (D:10)
  A howler monkey (D:8)
  An orc priest (D:11)
  2 orcs (D:9)
5 creatures vanquished.

Vanquished Creatures (others)
  2 hounds (D:11)
  A fungus (Sewer)
  4 plants (Gauntlet)
  6 withered plants (Ossuary)
13 creatures vanquished.

Grand Total: 427 creatures vanquished

Notes
Turn   | Place    | Note
-------+----------+-------------------------------------------
     0 | D:1      | Plasmagod the Vine Stalker Fighter began the quest for the
                  | Orb.
     0 | D:1      | Reached XP level 1. HP: 11/11 MP: 2/2
    75 | D:1      | Reached XP level 2. HP: 7/16 MP: 1/3
   382 | D:1      | Reached XP level 3. HP: 15/19 MP: 4/4
  1451 | D:2      | Gained mutation: Your natural rate of healing is unusually
                  | fast. [Vine Stalker growth]
  1451 | D:2      | Reached XP level 4. HP: 22/23 MP: 5/5
  1984 | D:3      | Reached XP level 5. HP: 28/28 MP: 4/6
  2073 | D:3      | Found a glowing silver altar of Zin.
  2291 | D:3      | Reached skill level 5 in Axes
  2433 | D:3      | Found a faded altar of an unknown god.
  2616 | D:3      | Noticed a black bear
  2629 | D:3      | Killed a black bear
  2630 | D:3      | Reached XP level 6. HP: 7/32 MP: 2/7
  2934 | D:4      | Reached XP level 7. HP: 35/35 MP: 8/8
  3199 | D:4      | Noticed Grinder
  3214 | D:4      | HP: 1/35 [Grinder (1)]
  3226 | D:4      | Killed Grinder
  3326 | D:4      | Identified the +1 helmet of the Thunderstorm {Harm rC+}
  3326 | D:4      | Noticed Robin
  3341 | D:4      | Killed Robin
  3421 | D:4      | Reached skill level 1 in Polearms
  3424 | D:4      | Gained mutation: You have razor-sharp teeth. [Vine Stalker
                  | growth]
  3424 | D:4      | Reached XP level 8. HP: 39/39 MP: 9/9
  3828 | D:5      | Entered Level 5 of the Dungeon
  3982 | D:5      | Found a runed translucent door.
  3989 | D:5      | Reached skill level 5 in Polearms
  3997 | D:5      | Noticed kalagan's ghost (novice DECj)
  4321 | D:5      | Noticed Eustachio
  4327 | D:5      | Killed Eustachio
  4328 | D:5      | Reached XP level 9. HP: 34/43 MP: 7/10
  5017 | D:6      | Found a staircase to the Ecumenical Temple.
  5139 | D:6      | Noticed Edmund
  5168 | D:6      | HP: 1/43 [Edmund/+2 dire flail of protection (6)]
  5170 | D:6      | Killed Edmund
  5408 | D:6      | Found a glowing drain.
  5416 | Sewer    | Entered a sewer
  6007 | D:7      | Reached XP level 10. HP: 35/48 MP: 11/11
  6030 | D:7      | Reached skill level 10 in Polearms
  6213 | D:7      | Noticed Pikel
  6221 | D:7      | Killed Pikel
  6273 | D:7      | Noticed Dowan
  6273 | D:7      | Noticed Duvessa
  6285 | D:7      | Killed Duvessa
  6308 | D:7      | Killed Dowan
  6336 | D:7      | Found Enaisch's Book Shoppe.
  6420 | D:7      | Noticed Maggie
  6433 | D:7      | Killed Maggie
  6434 | D:7      | Reached skill level 3 in Fighting
  6886 | D:8      | Found the +2 ratskin cloak {*Rats rPois rN+ Str-1 Int-1
                  | Dex+1}
  6922 | D:8      | Reached skill level 4 in Fighting
  6973 | D:8      | You fall into a shaft and drop 1 floor!
  7001 | D:8      | Found a runed translucent gate.
  7001 | D:8      | Found a runed translucent gate.
  7001 | D:8      | Found a runed translucent gate.
  7030 | D:8      | Noticed mys's ghost (novice DsCK)
  7240 | D:8      | Found a sand-covered staircase.
  7249 | D:8      | Reached skill level 5 in Fighting
  7260 | Ossuary  | Entered an ossuary
  7424 | Ossuary  | Reached skill level 6 in Fighting
  7757 | D:8      | Reached skill level 7 in Fighting
  7820 | D:8      | Reached XP level 11. HP: 30/58 MP: 7/12
  8459 | D:8      | Killed mys's ghost
  8460 | D:8      | Reached skill level 8 in Fighting
  8715 | D:9      | Found a radiant altar of Vehumet.
  8795 | D:9      | Found an ancient bone altar of Kikubaaqudgha.
  8882 | D:9      | Noticed a three-headed hydra
  8897 | D:9      | Killed a three-headed hydra
  8898 | D:9      | Reached skill level 9 in Fighting
  8997 | D:9      | Found a blossoming altar of Fedhas.
  9449 | D:10     | Entered Level 10 of the Dungeon
  9455 | D:10     | Found a burning altar of Makhleb.
  9460 | D:10     | Became a worshipper of Makhleb the Destroyer
  9489 | D:10     | Noticed a two-headed ogre
  9496 | D:10     | Killed a two-headed ogre
  9497 | D:10     | Reached skill level 10 in Fighting
  9542 | D:10     | Noticed a two-headed ogre
  9569 | D:10     | Killed a two-headed ogre
  9694 | D:10     | Noticed a skeletal warrior
  9717 | D:10     | Killed a skeletal warrior
  9730 | D:10     | Reached skill level 11 in Fighting
  9780 | D:10     | Noticed a centaur warrior
  9790 | D:10     | Killed a centaur warrior
  9791 | D:10     | Reached XP level 12. HP: 64/70 MP: 13/13
 10052 | D:10     | Found a snail-covered altar of Cheibriados.
 10283 | D:11     | Reached * piety under Makhleb
 10413 | D:11     | Found a staircase to the Lair.
 10438 | D:11     | Reached skill level 12 in Fighting
 10504 | D:11     | Noticed a boulder beetle
 10559 | D:11     | Killed a boulder beetle
 10652 | D:11     | Noticed Sonja
 10652 | D:11     | Noticed a two-headed ogre
 10685 | D:11     | Killed a two-headed ogre
 10899 | D:11     | Reached ** piety under Makhleb
 10900 | D:11     | Reached skill level 13 in Fighting
 11055 | D:11     | Killed Sonja
 11152 | D:12     | Found a gate leading to a gauntlet.
 11159 | Gauntlet | Entered a Gauntlet
 11159 | Gauntlet | Found a transporter.
 11159 | Gauntlet | Found a transporter.
 11168 | Gauntlet | Found a transporter.
 11172 | Gauntlet | Found a transporter.
 11187 | Gauntlet | Found a transporter.
 11188 | Gauntlet | Found a transporter.
 11200 | Gauntlet | Found a transporter.
 11216 | Gauntlet | Found a transporter.
 11230 | Gauntlet | Found a transporter.
 11234 | Gauntlet | Found a transporter.
 11245 | Gauntlet | Found a transporter.
 11249 | Gauntlet | Found a transporter.
 11451 | Gauntlet | Identified the ring of the Slimy Guava {rN+ rCorr}
 11502 | Gauntlet | Identified the +6 falchion "Buffier" {spect, rC+ rCorr
                  | Str-2 Dex+2}
 11502 | Gauntlet | Noticed a minotaur
 11523 | Gauntlet | HP: 1/74 [minotaur/silver javelin (4)]
 11643 | D:12     | Reached skill level 14 in Fighting
 11682 | D:12     | Noticed an ice dragon
 11693 | D:12     | Killed an ice dragon
 11713 | D:12     | Reached *** piety under Makhleb
 11724 | D:12     | Got the +5 broad axe of Kent {freeze, rPois rC++ Str+4
                  | Dex-5}
 11828 | D:12     | Noticed a two-headed ogre
 11835 | D:12     | Killed a two-headed ogre
 11836 | D:12     | Reached XP level 13. HP: 79/79 MP: 14/14
 11850 | D:12     | Hit by a large rock thrown by a cyclops

Illustrated notes

Levels and vault maps discovered:
D:1:      saegor_arrival_simple_e, layout_basic, minmay_lizard_pond
D:2:      layout_loops_cross
D:3:      layout_basic, mainiacjoe_overflow_six_doors_small,
          shapermc_ecumenical_altar_mp_vishouse
D:4:      layout_basic, minmay_pentangle, uniq_robin, uniq_grinder
D:5:      layout_basic, ebering_ghost_sewer_d, uniq_eustachio
D:6:      layout_rooms, temple_pool_b, lightli_sewer_entry_pipes,
          chequers_serial_rivers_micro_d, uniq_edmund
D:7:      layout_loops_corners, serial_shops, kennysheep_mini, eino_curves_01,
          uniq_duvessa, uniq_maggie, uniq_pikel
D:8:      layout_basic, nicolae_ossuary_entry_catacombs, gammafunk_ghost_icy,
          minivault_4, st_stairs_2, eino_small_chamber_without_monster
D:9:      layout_long_grid, nicolae_kikubaaqudgha_miasma_corner,
          mainiacjoe_overflow_catwalk_spiral, hangedman_ranch
D:10:     layout_basic, mainiacjoe_overflow_cross_hatched,
          overflow_temple_1_default, minmay_quadrilaterals
D:11:     layout_irregular_city, erik_lair_island, uniq_sonja
D:12:     minmay_coctagon, layout_basic, david_orc_2, gauntlet_entry_generic,
          trog_three_pillars_becter

Skill      XL: |  1  2  3  4  5  6  7  8  9 10 11 12 |
---------------+-------------------------------------+-----
Axes           | 2 3 4 5 6 7 |  7.8
Polearms       | 1 6 9 10 | 10.9
Fighting       | 7 11 14 | 14.7
Armour         | |  2.6
Shields        | |  2.9

Action                   |  1- 3 |  4- 6 |  7- 9 | 10-12 | 13-15 || total
-------------------------+-------+-------+-------+-------+-------++-------
Melee: War axe           |    92 |   101 |    65 |       |       ||   258
       Bite              |    14 |    18 |   103 |   280 |       ||   415
       Spear             |       |       |   388 |   984 |       ||  1372
  Use: Scroll            |       |       |       |    25 |       ||    25
       Potion            |       |       |       |     4 |       ||     4
 Stab: Distracted        |       |       |       |     3 |       ||     3
Armor: Scale mail        |    62 |    57 |   130 |       |       ||   249
       Plate armour      |       |       |     5 |   313 |       ||   318
Dodge: Dodged            |    48 |    41 |   123 |   119 |       ||   331
Block: Buckler           |    24 |    26 |    90 |    43 |       ||   183
       Kite shield       |       |       |       |   137 |       ||   137
